[Event "71st RUS-ch Superfinal Women 2021"]
[Site "Ufa"]
[Date "2021.10.09"]
[Round "1.1"]
[White "Shuvalova, Polina"]
[Black "Ovod, Evgenija"]
[Result "1/2-1/2"]
[ECO "C67"]
[WhiteElo "2509"]
[BlackElo "2331"]
[Annotator "ChessBase"]
[PlyCount "103"]
[EventDate "2021.10.09"]
[EventType "tourn"]
[EventCountry "RUS"]
[SourceTitle "playchess.com"]
[Source "ChessBase"]
[SourceQuality "1"]
[TimeControl "40/5400+30:1800+30"]

1. e4 e5 2. Nf3 Nc6 3. Bb5 Nf6 4. O-O Nxe4 5. d4 Be7 6.
Qe2 Nd6 7. Bxc6 bxc6 8. dxe5 Nb7 9. c4 O-O 10. Nc3 f6 11.
Re1 Nc5 12. Bf4 Ne6 13. exf6 Bxf6 14. Bg3 Bxc3 15. bxc3 d6 16. c5 Nxc5 17. Qc4+ Kh8 18. Bh4 Qd7 19. Rad1 Qg4 20. Qd4 Qxd4 21. cxd4 Ne6 22. Ng5 Nf4 23. Bg3 Nd5 24. f3 Bd7 25. Rd3 a5 26. Ra3 Rfb8 27. Ne4 Rb2 28. Rd1 Kg8 29. Rd2 Rxd2 30. Nxd2 a4 31. Ne4 h6 32. Be1 Kf7 33. Kf2 Be6 34. Rd3 a3 35. Bd2 Nb6 36. Bb4 Bxa2 37. Rxa3 Rxa3 38. Bxa3 Ke6 39. Nc3 Bb3 40. Bc1 Nd7 41. Ba3 Nf8 42. Ke3 Ng6 43. g3 Bc4 44. Bb4 Ne7 45. g4 Nd5+ 46.
Nxd5 cxd5 47. f4 g6 48. Ba5 c6 49. Bb4 Bb3 50. Ke2 Bc2 51.
Kd2 Be4 52. Ke3 1/2-1/2

[Event "71st RUS-ch Superfinal Women 2021"]
[Site "Ufa"]
[Date "2021.10.09"]
[Round "1.2"]
[White "Girya, Olga"]
[Black "Gunina, Valentina"]
[Result "1/2-1/2"]
[ECO "D11"]
[WhiteElo "2410"]
[BlackElo "2462"]
[Annotator "ChessBase"]
[PlyCount "185"]
[EventDate "2021.10.09"]
[EventType "tourn"]
[EventCountry "RUS"]
[SourceTitle "playchess.com"]
[Source "ChessBase"]
[SourceQuality "1"]
[TimeControl "40/5400+30:1800+30"]

1. d4 d5 2. c4 c6 3. Nf3 Nf6 4. Qb3 dxc4 5. Qxc4 Bg4 6. Nc3 Nbd7 7. Bf4 e6 8. e4 Be7 9. Be2 O-O 10. O-O Rc8 11. h3 Bh5 12. Qb3 Qb6 13.
Rfd1 Qxb3 14. axb3 a6 15. g4 Bg6 16. Nd2 Rfd8 17. f3 c5 18.
d5 e5 19. Bg3 Bd6 20. Bh4 Be7 21. Bg3 Bd6 22. Nc4 Ne8 23. Rdc1 Bc7 24. Nd1 f6 25. Nde3 Rb8 26. Kh2 Rdc8 27. h4 Nd6 28. Nxd6 Bxd6 29. Bf1 Be8 30. Bh3 Rd8 31. Rc2 Bf8 32. g5 Bh5 33. gxf6 gxf6 34. Be6+ Kh8 35. Rg1 Bh6 36. Nf5 Bf4 37. Bxf4 exf4 38. Bxd7 Rxd7 39. Rxc5 Bxf3 40. Re1 Rg8 41. Rc3 Bh5 42. Rf1 f3 43. Rg1 Re8 44. Ng3 Bg4 45. Rgc1 Rg7 46. Rc7 Bd7 47. Rf1 Bg4 48. Rxg7 Kxg7 49. Rc1 f5 50. exf5 Re5 51. Rd1 f2 52. Rd4 Bf3 53. f6+ Kf7 54. Rd2 Bxd5 55. Rxf2 Be6 56. b4 Re3 57. Rf4 h6 58. Ne4 Rd3 59. Nc5 Rd2+ 60.
Kg3 Bd5 61. Rf5 Bc6 62. b3 Rg2+ 63. Kf4 Re2 64. Rh5 Rf2+ 65.
Kg3 Rxf6 66. Re5 Rf3+ 67. Kg4 b6 68. Re6 Rf6 69. Rxf6+ Kxf6 70. Nxa6 Bd7+ 71. Kf4 Ke6 72. b5 Kd6 73. Nb4 Bxb5 74. Nc2 Kc5 75.
Ke5 Be2 76. Ne3 Kb4 77. Nd5+ Kxb3 78. Nxb6 Kb4 79. Nd7 Kb5 80. Kd5 Bg4 81. Ne5 Bd1 82. Kd6 Be2 83. Nf7 h5 84. Ne5 Bd1 85. Nd3 Be2 86. Nf4 Bf3 87. Ke5 Kc6 88. Kf6 Kd6 89. Kg5 Ke7 90. Ng6+ Ke6 91. Nf4+ Kf7 92. Nxh5 Bxh5 93. Kxh5 1/2-1/2

[Event "71st RUS-ch Superfinal Women 2021"]
[Site "Ufa"]
[Date "2021.10.09"]
[Round "1.3"]
[White "Guseva, Marina"]
[Black "Bodnaruk, Anastasia"]
[Result "1-0"]
[ECO "E62"]
[WhiteElo "2394"]
[BlackElo "2415"]
[Annotator "NA"]
[PlyCount "103"]
[EventDate "2021.10.09"]
[EventType "tourn"]
[EventCountry "RUS"]
[SourceTitle "playchess.com"]
[Source "ChessBase"]
[SourceQuality "1"]
[TimeControl "40/5400+30:1800+30"]

1. d4 Nf6 2. c4 g6 3. Nf3 Bg7 4. g3 O-O 5. Bg2 d6 6. O-O Nc6 7. Nc3 e5 8. dxe5 dxe5 9. Bg5 Be6 10. Nd2 Qc8 11.
Nd5 Nd7 12. b4 h6 13. Be3 Re8 14. Nb3 f5 15. Rc1 Nd8 16. Qd2 Kh7 17. Rfd1 c6 {[%emt 0:04:
06] [#]} 18. b5 $1 c5 ({Don't blunder} 18...
cxd5 $2 19. cxd5 {[%mdl 64] Discovered Attack} Qb8 20. dxe6 $18) 19. a4 Nf7 20. a5 b6 $1 21. Ra1 e4 22. Ra4 bxa5 23. Rxa5 Nb6 24. Qc1 ({Avoid the trap} 24. Bxc5 $2 Nxc4 {[%mdl 64] Double Attack}
25. Qb4 Nxa5 $19) 24... Bxd5 (24... Rd8 $11 {remains equal.})
25. cxd5 c4 26. Nc5 c3 {
[%emt 0:01:40] [#]} 27. d6 $1 Nd7 (27... Ne5
$16) 28. b6 axb6 29. Rxa8 Qxa8 30. Nxd7 Qc6 31. Nxb6 Rb8 32. d7 Rxb6 33. Bxb6 Qxb6 34. e3 Bf6 35. Bf1 Qc7 36. Qc2 Kg7 37. Qa4 Ne5 38. Bb5 Nd3 39. Qc2 Nb4 40. Qb3 Nd3 41. d8=Q ({Less strong is} 41. Bxd3 exd3 42. Qd5 (42. Rxd3 $2 c2 $19)
42... d2 $14) 41... Qxd8 42. Qb1 h5 43. Bxd3 exd3 44. Qxd3 ({Less strong is} 44. Rxd3 Qc8 $16) 44... Qa5 45. Qc4 Kh6 46. h4 Bg7 47. Rd6 $18 Kh7 48. Rc6 Qa1+ 49. Kg2 Qb1 50. Qe6 Qe4+ 51. Qxe4 fxe4 52. Rc4 1-0

[Event "71st RUS-ch Superfinal Women 2021"]
[Site "Ufa"]
[Date "2021.10.09"]
[Round "1.4"]
[White "Kashlinskaya, Alina"]
[Black "Galliamova, Alisa"]
[Result "1-0"]
[ECO "D16"]
[WhiteElo "2493"]
[BlackElo "2421"]
[Annotator "ChessBase"]
[PlyCount "139"]
[EventDate "2021.10.09"]
[EventType "tourn"]
[EventCountry "RUS"]
[SourceTitle "playchess.com"]
[Source "ChessBase"]
[SourceQuality "1"]
[TimeControl "40/5400+30:1800+30"]

1. d4 d5 2. c4 c6 3. Nf3 Nf6 4. Nc3 dxc4 5. a4 e6 6. e3 c5 7. Bxc4 Nc6 8. O-O a6 9. Qe2 Be7 10. Rd1 Qc7 11. h3 O-O 12. d5 exd5 13.
Nxd5 Nxd5 14. Bxd5 Bf6 15. e4 Nd4 16. Nxd4 Bxd4 17. Be3 Bxe3 18. Qxe3 Be6 19. Rac1 Bxd5 20. exd5 Rac8 21. d6 Qd7 22. Rxc5 Qxa4 23. b3 Qd7 24. Re5 Rfe8 25. Rxe8+ Rxe8 26. Qb6 h6 27. Qc7 Rd8 28. Rd4 Kh7 29. Qa5 Re8 30. Kh2 Rc8 31. h4 Re8 32. Qc5 Rc8 33.
Qa5 Re8 34. Qc3 Rd8 35. Qc2+ Kg8 36. g3 Rc8 37. Qe4 Re8 38.
Qd5 Re6 39. h5 Rf6 40. Kg1 Re6 41. Qc5 Re1+ 42. Kg2 Re8 43. Rd5 Rd8 44. Qd4 Rc8 45. Kh2 Rd8 46. Qd3 Re8 47. Rc5 Rd8 48. Re5 Qc6 49. Rd5 Qd7 50. Qe4 Qe6 51. Qd4 Qd7 52. b4 Re8 53. Qf4 Re6 54. Qf5 Kf8 55.
Rd4 b6 56. Qd5 Kg8 57. Qa8+ Kh7 58. Qxa6 b5 59. Qa3 Re5 60. Qd3+ Kg8 61. Rd5 Re6 62. Qf5 Kf8 63. Qd3 Ke8 64. Qc3 f6 65. Qc7 Re5 66. Rxe5+ fxe5 67. Qc5 Qf5 68. Qxb5+ Kf7 69. Qd5+ Kf8 70. Kg2 1-0

[Event "71st RUS-ch Superfinal Women 2021"]
[Site "Ufa"]
[Date "2021.10.09"]
[Round "1.5"]
[White "Garifullina, Leya"]
[Black "Voit, Daria"]
[Result "1/2-1/2"]
[ECO "B12"]
[WhiteElo "2409"]
[BlackElo "2357"]
[Annotator "NA"]
[PlyCount "125"]
[EventDate "2021.10.09"]
[EventType "tourn"]
[EventCountry "RUS"]
[SourceTitle "playchess.com"]
[Source "ChessBase"]
[SourceQuality "1"]
[TimeControl "40/5400+30:1800+30"]

1. e4 c6 2. d4 d5 3. e5 Bf5 4. Nf3 e6 5. Be2 c5 6. Be3 Qb6 7. Nc3 Nc6 ({Much worse is} 7... Qxb2 8. Nb5 $16) 8. O-O Qxb2 9. Qe1 (9. Nb5 $16) 9...
cxd4 10. Bxd4 Nxd4 ({Not} 
10... Qxc2 $2 11. Rc1 $18) ({Avoid the trap} 10... Bxc2 $2 11. Nb5 $18) 11.
Nxd4 Bb4 12. Ndb5 Ba5 ({Reject} 12... Bxc2 13. Qd2 $14) 13. Rb1 Qxc2 14. Rb3 Ne7 15. Nd6+ Kf8 16. Nxb7 Bb6 17. Nd6 Bg6 18. Bd1 Qc1
$1 19. Na4 h5 20. Qb4 $2 ({White should try} 20. Rc3 $11 Qf4 21. Rf3) 20... Nc6 $1 {
[%emt 0:14:16] Double Attack} 21. Qh4 (21. Qc3 $17 Qxc3 22.
Rxc3 Nxe5 23. Nxb6 axb6 24. Rc7) 21... Bd8 ({Resist} 21...
Nxe5 22. Nxb6 axb6 23. Qg3 $17) 22. Qh3 Nxe5 23. f4 Nc4 24. f5 Nxd6 25. fxg6 f5 26. Rc3 Qg5 27. Rc6 Be7 (
27... Qe7 $1 $15 28. Qc3 Rh6) 28. Nc5 Qxg6 29. Qe3 Rh6 30. Bb3 Rc8 31. Ra6 Kg8 32. Nxe6 Nc4 33. Qf3 Nb6 34. Bxd5 Nxd5 35. Qxd5 Qf7 36. h3 (36. Rxf5 $11 Rc1+ 37. Kf2) 36...
Bc5+ 37. Kh1 Bb6 38. Nf4 Rd8 39. Qf3 h4 40. Ra4 Rhd6 41. Ne2 Rd3 42. Qc6 Rd1 43. Raf4 Qxa2 44. Ng1 {[%emt 0:00:57] [#]} Rxf1 ({Black should try} 44... Qd5 $1 $19 45. Qa4 g6
46. Rxd1 Qxd1 47. Qc4+ Kg7) 45. Rxf1 Qd5 46.
Qa4 Bxg1 47. Kxg1 Qd4+ 48. Qxd4 Rxd4 49. Rxf5 {
[%emt 0:00:02] [#]} Rd6 $11 ({Better is} 49... Ra4 $1 $17 50.
Kf2 Kh7) 50. Ra5 a6 51. Ra4 g5 52. Ra5 Rg6 53. g3 Kf7 54. Kg2 Ke7 55. Kf2 Kd7 56. gxh4 gxh4 57. Rh5 Kc6 58. Rxh4 a5 59. Ke3 Kb5 60. Kd2 Rc6 61. Rh8 a4 62. Rb8+ Ka5 63. Ra8+ 1/2-1/2

[Event "71st RUS-ch Superfinal Women 2021"]
[Site "Ufa"]
[Date "2021.10.09"]
[Round "1.6"]
[White "Bivol, Alina"]
[Black "Pogonina, Natalija"]
[Result "1/2-1/2"]
[ECO "C84"]
[WhiteElo "2392"]
[BlackElo "2467"]
[Annotator "ChessBase"]
[PlyCount "79"]
[EventDate "2021.10.09"]
[EventType "tourn"]
[EventCountry "RUS"]
[SourceTitle "playchess.com"]
[Source "ChessBase"]
[SourceQuality "1"]
[TimeControl "40/5400+30:1800+30"]

1. e4 e5 2. Nf3 Nc6 3. Bb5 a6 4. Ba4 Nf6 5. O-O Be7 6. d3 b5 7. Bb3 d6 8. a4 Bd7 9. c3 O-O 10. Bc2 Re8 11. Re1 h6 12. h3 Rb8 13.
Nbd2 Bf8 14. Nf1 b4 15. d4 bxc3 16. bxc3 exd4 17. cxd4 Nb4 18. Bb1 c5 19. Bd2 cxd4 20. Nxd4 Qb6 21. Nf3 d5 22. exd5 Rxe1 23. Bxe1 Nbxd5 24. Ba2 Qd6 25. Ng3 Nb4 26. Bb3 a5 27. Qxd6 Bxd6 28. Rd1 Rb6 29. Nd4 Bf8 30. Nf3 Rd6 31. Ne5 Rxd1 32. Bxd1 Be6 33. Be2 Nd7 34. Nc4 Nc5 35. Nxa5 Nxa4 36. Bd2 Nd5 37. Nc6 Nab6 38. Nd4 Bd7 39. Ne4 Be7 40. g4 1/2-1/2

[Event "71st RUS-ch Superfinal Women 2021"]
[Site "Ufa"]
[Date "2021.10.10"]
[Round "2.1"]
[White "Ovod, Evgenija"]
[Black "Pogonina, Natalija"]
[Result "1-0"]
[ECO "C50"]
[WhiteElo "2331"]
[BlackElo "2467"]
[Annotator "RC"]
[PlyCount "143"]
[EventDate "2021.10.09"]
[EventType "tourn"]
[EventCountry "RUS"]
[SourceTitle "playchess.com"]
[Source "ChessBase"]
[SourceQuality "1"]
[TimeControl "40/5400+30:1800+30"]

1. e4 e5 2. Nf3 Nc6 3. Bc4 Nf6 4. d3 Bc5 5. O-O d6 6. c3 a6 7. Bb3 Ba7 8. Nbd2 O-O 9. h3 Be6 10.
Bc2 d5 11. exd5 Nxd5 12. Re1 Re8 13. Nf1 f6 14. Ng3 Qd7 15. Nh2 Rad8 16. Qf3 Nde7 17.
Be3 Bd5 18. Qe2 Bf7 19. Ne4 Nd5 20. Bxa7 Nxa7 21. Rad1 Nc6 22. Nc5 Qc8 23. Qf3 b6 24. Ba4 bxc5 25.
Bxc6 Rf8 26. Ng4 Qb8 27. Qg3 Kh8 28. Bxd5 Rxd5 29. Ne3 Rd7 30. b3 Bg6 31. Nc4 Rfd8 32. Nb2 Qb6 33. Qe3 Rd5 34. Na4 Qd6 35. c4 Rd4 36. f3 Kg8 37. Rd2 Be8 38. Nc3 Bc6 39.
Ne2 Rxd3 40. Rxd3 Qxd3 41. Qxc5 Qd6 42. Qe3 Qd2 43. Nc3 Kf7 44. Kf1 Qd4 45. Ke2 Qxe3+ 46. Kxe3 f5 47. Rd1 f4+ 48. Ke2 Rxd1 49. Kxd1 g5 50. b4 h5 51. Ke2 g4 52. hxg4 hxg4 53. Nd5 g3 54.
Nxc7 Bb7 55. Nd5 Ke6 56. Nc3 a5 57. b5 Kd6 58. Na4 Kc7 59.
Nc5 Bc8 60. a4 Bf5 61. Nd3 Kd6 62. c5+ Kd5 63. c6 Kd6 64. Nb2 Be6 65. Kd3 Bf5+ 66. Kc3 Bh3 67. Nc4+ Kc7 68. Nxe5 Bxg2 69. Kd2 Kd6 70. b6 Bf1 71. b7 Kc7 72. Nd7 1-0

[Event "71st RUS-ch Superfinal Women 2021"]
[Site "Ufa"]
[Date "2021.10.11"]
[Round "3.1"]
[White "Girya, Olga"]
[Black "Ovod, Evgenija"]
[Result "1/2-1/2"]
[ECO "E06"]
[WhiteElo "2410"]
[BlackElo "2331"]
[Annotator "ChessBase"]
[PlyCount "113"]
[EventDate "2021.10.09"]
[EventType "tourn"]
[EventCountry "RUS"]
[SourceTitle "playchess.com"]
[Source "ChessBase"]
[SourceQuality "1"]
[TimeControl "40/5400+30:1800+30"]

1. d4 d5 2. c4 e6 3. Nf3 Nf6 4. g3 Be7 5. Bg2 O-O 6. Qc2 c5 7. dxc5 d4 8. O-O Nc6 9. Bg5 Bxc5 10. Nbd2 e5 11. a3 a5 12. Bxf6 Qxf6 13. Ne4 Qe7 14. Nxc5 Qxc5 15. Ng5 g6 16. Bd5 Kg7 17. Qd2 h6 18. Ne4 Qe7 19. f4 Bh3 20. Rfe1 Rfd8 21. fxe5 Qxe5 22. Qf4 Qxf4 23. gxf4 Ne7 24. Bxb7 Rab8 25. Nc5 Bc8 26. Bf3 Rxb2 27. Reb1 Rc2 28. Rc1 Rb2 29. Rcb1 Rc2 30. Rc1 Rb2 31. Nd3 Rb3 32. a4 Bd7 33. Nc5 Rb4 34. Rab1 Bc6 35.
Rxb4 axb4 36. Kf2 Ra8 37. Nb3 Rxa4 38. Nxd4 Bxf3 39. Kxf3 Ra3+ 40. e3 Nf5 41. Nxf5+ gxf5 42. Rb1 b3 43. Ke2 Kf6 44. Kd2 Ra2+ 45. Kc3 Rxh2 46. Rxb3 h5 47. Rb6+ Ke7 48. Kd4 f6 49. Rb7+ Ke6 50. Kc5 h4 51. Rh7 h3 52. Kc6 Rc2 53. c5 h2 54. Rh8 Rb2 55.
Rh7 Rc2 56. Rh5 Rb2 57. Rh7 1/2-1/2

[Event "71st RUS-ch Superfinal Women 2021"]
[Site "Ufa"]
[Date "2021.10.11"]
[Round "3.2"]
[White "Guseva, Marina"]
[Black "Shuvalova, Polina"]
[Result "0-1"]
[ECO "D28"]
[WhiteElo "2394"]
[BlackElo "2509"]
[Annotator "ChessBase"]
[PlyCount "76"]
[EventDate "2021.10.09"]
[EventType "tourn"]
[EventCountry "RUS"]
[SourceTitle "playchess.com"]
[Source "ChessBase"]
[SourceQuality "1"]
[TimeControl "40/5400+30:1800+30"]

1. d4 d5 2. c4 e6 3. Nf3 dxc4 4. e3 Nf6 5. Bxc4 c5 6. O-O a6 7. Qe2 b5 8. Bd3 Bb7 9. dxc5 Nc6 10. a3 Bxc5 11. b4 Bb6 12. Bb2 O-O 13.
Nbd2 Qe7 14. Rac1 Rac8 15. Ng5 Rfd8 16. Nb3 Nb8 17. Rxc8 Rxc8 18. Bxf6 gxf6 19. Qh5 Kf8 20. Qxh7 Qd7 21. Nf3 Bxf3 22. gxf3 Ke7 23. Rc1 Rf8 24. Nc5 Bxc5 25. Rxc5 Rd8 26. Be4 Qd6 27. Kg2 Nd7 28. Rc6 Qb8 29. Qh4 Ne5 30. Rxa6 Rh8 31. Bh7 Qb7 32. Ra5 Qxf3+ 33. Kf1 Qd1+ 34. Kg2 Qf3+ 35. Kf1 Rc8 36. Ra7+ Nd7 37. Rxd7+ Kxd7 38. Qd4+ Ke7 0-1

[Event "71st RUS-ch Superfinal Women 2021"]
[Site "Ufa"]
[Date "2021.10.11"]
[Round "3.3"]
[White "Kashlinskaya, Alina"]
[Black "Gunina, Valentina"]
[Result "0-1"]
[ECO "D17"]
[WhiteElo "2493"]
[BlackElo "2462"]
[Annotator "ChessBase"]
[PlyCount "66"]
[EventDate "2021.10.09"]
[EventType "tourn"]
[EventCountry "RUS"]
[SourceTitle "playchess.com"]
[Source "ChessBase"]
[SourceQuality "1"]
[TimeControl "40/5400+30:1800+30"]

1. d4 d5 2. c4 c6 3. Nf3 Nf6 4. Nc3 dxc4 5. a4 Bf5 6. Nh4 e6 7. Nxf5 exf5 8. e3 Bb4 9. Bxc4 O-O 10. O-O Nbd7 11. h3 a5 12. Qf3 g6 13. g4 fxg4 14. hxg4 Qe7 15. Kg2 Rfe8 16. Rh1 Nf8 17. g5 Nh5 18. Kf1 Rad8 19. Rxh5 Bxc3 20. bxc3 gxh5 21. Ba3 Qd7 22. Rb1 Ng6 23. Ba2 b5 24. axb5 cxb5 25. Bc5 Rc8 26. Qxh5 Qf5 27. Rxb5 Rxe3 28. Rb7 Qd3+ 29. Kg1 Re1+ 30. Kh2 Qe4 31. Bxf7+ Kh8 32. Bd5 Rh1+ 33. Kg3 Qf4+ 0-1

[Event "71st RUS-ch Superfinal Women 2021"]
[Site "Ufa"]
[Date "2021.10.11"]
[Round "3.5"]
[White "Bivol, Alina"]
[Black "Galliamova, Alisa"]
[Result "0-1"]
[ECO "C80"]
[WhiteElo "2392"]
[BlackElo "2421"]
[Annotator "NA"]
[PlyCount "80"]
[EventDate "2021.10.09"]
[EventType "tourn"]
[EventCountry "RUS"]
[SourceTitle "playchess.com"]
[Source "ChessBase"]
[SourceQuality "1"]
[TimeControl "40/5400+30:1800+30"]

1. e4 e5 2. Nf3 Nc6 3. Bb5 a6 4. Ba4 Nf6 5. O-O Nxe4 6. Re1 Nc5 7.
Bxc6 dxc6 8. Nxe5 Be7 9. d4 Ne6 10. c3 O-O 11. Be3 f6 12. Nd3 Re8 13. Nd2 a5 14. Qf3 a4 15. Rad1 Qd5 16. c4 Qxf3 17. Nxf3 Nf8 18. Bf4 Be6 19. Rc1 Bf5 20. Red1 Ne6 21. Be3 Rad8 22. Nf4 g5 23. Nxe6 Bxe6 24. h3 b6 25. Nd2 f5 26. f4 gxf4 27. Bxf4 Rxd4 28. Bxc7 Bb4 29. Nf3 Rxd1+ ({Less strong is} 29...
Rxc4 30. Bxb6 Rxc1 31. Rxc1 $15) 30. Rxd1 Bc5+ ({Don't play} 30... Bxc4 31. Bxb6 Bxa2 32. Rd7 $17) 31. Kh1 Bxc4 32. Ne5 Bxa2 33. Nd7 Re7 34. Bf4 $2 (34. Nxc5 {
was worth a try.} bxc5 35. Bf4) 34... Bf2 35. Rd6 Re6 36. Rd3 b5 37. Be5 Bh4 $19 38. Rd4 Be7 39. g4 Bd5+ 40. Kh2 Rxe5 0-1

[Event "71st RUS-ch Superfinal Women 2021"]
[Site "Ufa"]
[Date "2021.10.11"]
[Round "3.6"]
[White "Pogonina, Natalija"]
[Black "Voit, Daria"]
[Result "1/2-1/2"]
[ECO "D38"]
[WhiteElo "2467"]
[BlackElo "2357"]
[Annotator "ChessBase"]
[PlyCount "83"]
[EventDate "2021.10.09"]
[EventType "tourn"]
[EventCountry "RUS"]
[SourceTitle "playchess.com"]
[Source "ChessBase"]
[SourceQuality "1"]
[TimeControl "40/5400+30:1800+30"]

1. d4 Nf6 2. c4 e6 3. Nf3 d5 4. Nc3 Bb4 5. e3 O-O 6. a3 Bxc3+ 7. bxc3 c5 8. a4 Qa5 9. Bd2 Qc7 10. Qc2 b6 11. cxd5 exd5 12. a5 c4 13. axb6 Qxb6 14. Bc1 Nc6 15. Nd2 Re8 16. Be2 Qc7 17. O-O Bd7 18. e4 dxe4 19. Nxc4 Bg4 20. h3 Bxe2 21. Qxe2 Nd5 22. Bd2 Re6 23. Rfb1 Rc8 24. Rb5 Nce7 25. Rc5 Rc6 26. Rxc6 Qxc6 27. Ne5 Nxc3 28. Qe1 Qc7 29. Bxc3 Qxc3 30. Qxc3 Rxc3 31. Rxa7 Kf8 32. d5 f6 33. Nd7+ Ke8 34. Nb6 Rd3 35. Ra8+ Kf7 36. Rd8 g5 37. g4 h6 38. Rd7 Ke8 39. Rd6 Kf7 40.
Rd7 Ke8 41. Rd6 Kf7 42. Rd7 1/2-1/2

[Event "71st RUS-ch Superfinal Women 2021"]
[Site "Ufa"]
[Date "2021.10.12"]
[Round "4.1"]
[White "Ovod, Evgenija"]
[Black "Voit, Daria"]
[Result "1-0"]
[ECO "B10"]
[WhiteElo "2331"]
[BlackElo "2357"]
[Annotator "NA"]
[PlyCount "151"]
[EventDate "2021.10.09"]
[EventType "tourn"]
[EventCountry "RUS"]
[SourceTitle "playchess.com"]
[Source "ChessBase"]
[SourceQuality "1"]
[TimeControl "40/5400+30:1800+30"]

1. e4 c6 2. Nf3 d5 3. d3 dxe4 4. dxe4 Qxd1+ 5. Kxd1 Nf6 6. Nbd2 Nbd7 7. Ne1 Nc5 8. f3 g6 9. a4 Bg7 10. a5 Be6 11. Nd3 Nfd7 12. Nf4 Ne5 13.
Nxe6 Nxe6 14. c3 Bh6 15. Kc2 Rd8 16. Nc4 Bxc1 17. Rxc1 Nxc4 18. Bxc4 Nc7 19. f4 e6 20. g4 Ke7 21. Rce1 f6 22. h4 h6 23. b4 e5 24. f5 g5 25. Rh2 gxh4 26. Rxh4 Kf8 27. Rb1 a6 28. Rbh1 Kg7 29. R4h3 Ne8 30. Rd3 Rxd3 $1 ({Wrong is} 30... Nd6 $2
{[#]} 31. Rhd1 $1 $18) 31. Bxd3 Nd6 32. Rd1 Rd8 33. Bc4 Kf8 $1 34. Be6 Ke7 35. Re1 Nb5 36. Rh1 Rh8 37. Rh3 Nc7 38. Bb3 Nb5 39. Be6 Nc7 40. Bc4 Ne8 41. Kd3 Nd6 42. Be6 Rh7 43. Rh2 Rh8 44. Rh1 Rh7 45. Ke3 Rh8 46. c4 Nf7 47. Bxf7 Kxf7 48. b5 cxb5 49. cxb5 axb5 50. Rb1 Rd8 51. Rxb5 Rd7 52. Rb6 Ke7 53. Rb3 Ke8 54. Rb2 Kf8 55. Rb1 Kf7 56. Ra1 Kf8 57. Ra2 Kf7 58. Rh2 Kg7 59. Rd2 Rc7 60. Kd3 Rc5 61. Rb2 Rxa5 62. Rxb7+ Kg8 63. Kc4 Ra4+ 64. Kd5 Rd4+ $2 (64... Kf8 $11) 65. Ke6
$18 Rxe4 66. g5 fxg5 67. f6 Rf4 68. Rb8+ Kh7 69. f7 g4 70.
f8=Q Rxf8 71. Rxf8 e4 72. Kf5 g3 73. Rf7+ Kh8 74. Rf6 e3 75.
Rxh6+ Kg7 76. Rg6+ 1-0

[Event "71st RUS-ch Superfinal Women 2021"]
[Site "Ufa"]
[Date "2021.10.12"]
[Round "4.4"]
[White "Gunina, Valentina"]
[Black "Garifullina, Leya"]
[Result "1/2-1/2"]
[ECO "D41"]
[WhiteElo "2462"]
[BlackElo "2409"]
[Annotator "ChessBase"]
[PlyCount "115"]
[EventDate "2021.10.09"]
[EventType "tourn"]
[EventCountry "RUS"]
[SourceTitle "playchess.com"]
[Source "ChessBase"]
[SourceQuality "1"]
[TimeControl "40/5400+30:1800+30"]

1. d4 Nf6 2. c4 e6 3. Nf3 d5 4. Nc3 c5 5. cxd5 cxd4 6. Qxd4 exd5 7. Bg5 Be7 8. e3 O-O 9. Qa4 h6 10. Bh4 Qb6 11. Qb5 Nc6 12. Rd1 Be6 13.
Bxf6 Bxf6 14. Nxd5 Bxd5 15. Rxd5 Bxb2 16. Bc4 Nb4 17. Qxb6 axb6 18. Rd7 Rac8 19. Bb3 Rc1+ 20. Rd1 Rxd1+ 21. Kxd1 Ra8 22. Kd2 Nxa2 23. Rb1 Bc3+ 24. Kd3 Bf6 25. Bc4 Nc3 26. Rxb6 Na4 27. Rb4 Nb2+ 28. Ke2 Nxc4 29. Rxc4 Ra2+ 30. Nd2 b5 31. Rc8+ Kh7 32. Kd3 Ra3+ 33. Ke2 Ra2 34. Kd1 b4 35. Rc2 Ra3 36. Ne4 b3 37. Rc1 Be5 38. Rb1 Bxh2 39. g3 Ra2 40. Ke1 Bg1 41. Kf1 f5 42. Kxg1 fxe4 43. Rxb3 Kg6 44. Kg2 Kf5 45. Rb5+ Kg4 46. Rb6 Kf5 47. Rb8 Kg4 48. Re8 Ra4 49. Re6 Kf5 50. Re7 g5 51. Kh3 h5 52. Re8 Kf6 53.
Rb8 Ra6 54. Rb4 Re6 55. Kg2 Kf5 56. Rb5+ Kg6 57. Ra5 Kf6 58. Rb5 1/2-1/2

[Event "71st RUS-ch Superfinal Women 2021"]
[Site "Ufa"]
[Date "2021.10.13"]
[Round "5.1"]
[White "Guseva, Marina"]
[Black "Ovod, Evgenija"]
[Result "0-1"]
[ECO "E06"]
[WhiteElo "2394"]
[BlackElo "2331"]
[Annotator "NA"]
[PlyCount "177"]
[EventDate "2021.10.09"]
[EventType "tourn"]
[EventCountry "RUS"]
[SourceTitle "playchess.com"]
[Source "ChessBase"]
[SourceQuality "1"]
[TimeControl "40/5400+30:1800+30"]

1. d4 d5 2. c4 e6 3. Nf3 Nf6 4. g3 Be7 5. Bg2 O-O 6. O-O dxc4 7. Qc2 a6 8. a4 Bd7 9. Qxc4 Bc6 10. Bg5 Nbd7 {[%emt 0:00:17] now scores much better than
the old 10...Bd5.} 11. Nc3 a5 12. Rfd1 h6 13. Bxf6 Nxf6 14. Ne5 Bxg2 15. Kxg2 c6 16. e4 {[%emt 0:05:18] [#]} Bb4 $146 ({
Predecessor:} 16... Qb6 17. Qe2 Rfd8 18. Nf3 Bb4 19. Rac1 Qa6 20. Qc2 Rac8 21.
e5 Nd5 22. Ne4 Be7 {1/2-1/2 (68) Melkumyan,H (2632)-Hansen,E (2573) London 2015
}) 17. Qe2 Qc7 18. Rac1 Rfd8 19. Qf3 Ne8 20. h4 Qe7 21. Ne2 Nc7 22.
Rd3 Na6 23. Qh5 Bd6 24. Nc4 Bc7 25. Qf3 Nb4 26. Rd2 Rd7 27.
Rcd1 Rad8 28. Nc3 Qf6 29. Qe3 Qe7 30. f4 f5 31. Qf3 Qf7 32.
Qe2 Qg6 33. h5 Qf7 34. b3 Qf6 35. Ne5 Bxe5 36. dxe5 Rxd2 37. Rxd2 Rxd2 38. Qxd2 Qf7 39. Qd8+ Kh7 40. Qxa5 Nc2 41. Qc5 Qxh5 42. Qf2 Nb4 43. Qd4 Nc2 44. Qd2 Nb4 45. a5 Qf7 46. Qd4 Nc2 47. Qf2 Nb4 48. Qc5 Na6 49. Qd4 Qc7 50. exf5 exf5 51. b4 c5 52. bxc5 Nxc5 53. Qb4 Qc6+ 54. Kh2 Nd3 55. Qd4 Ne1 56. Qd5 Qxc3 57. e6 Nf3+ $2 (57... Qf6 $19 {and Black stays
clearly on top.} 58. Kg1 Nc2) 58. Kh3 $1 Nd4 59. e7 {[%emt 0:00:14] [#]} Qe1 $17 60. e8=Q Qxe8 61. Qxd4 Qh5+ 62. Kg2 Qe2+ 63. Kh3 Qe4 64. Qd1 Qb4 65. Qd5 Qe4 66. Qd1 Qc4 67. Qb1 Qd5 68. Qa1 h5 69. Kh2 h4 70. Qc3 h3 71. Qb2 Qxa5 72. Kxh3 Qd5 73. Kh2 b5 74. Qe2 Kh6 75. Qe7 Qe4 76. Qd6+ Kh7 77. Qd7 b4 78. Qf7 Kh6 79. Qb3 Qe2+ 80. Kh3 Qe1 81. Qd5 Qe4 82. Qd6+ Kh7 83. g4 Qh1+ 84. Kg3 Qg1+ 85. Kh3 Qxg4+ 86. Kh2 Qe2+ 87. Kg3 b3 88. Qb6 b2 89. Qc5 0-1

[Event "71st RUS-ch Superfinal Women 2021"]
[Site "Ufa"]
[Date "2021.10.13"]
[Round "5.5"]
[White "Pogonina, Natalija"]
[Black "Bodnaruk, Anastasia"]
[Result "1-0"]
[ECO "A05"]
[WhiteElo "2467"]
[BlackElo "2415"]
[Annotator "ChessBase"]
[PlyCount "94"]
[EventDate "2021.10.09"]
[EventType "tourn"]
[EventCountry "RUS"]
[SourceTitle "playchess.com"]
[Source "ChessBase"]
[SourceQuality "1"]
[TimeControl "40/5400+30:1800+30"]

1. Nf3 Nf6 2. c4 g6 3. Nc3 Bg7 4. g3 O-O 5. Bg2 d6 6. O-O Nc6 7. d3 e5 8. Rb1 a5 9. b3 h6 10. Bb2 Ne8 11. Nb5 f5 12. d4 e4 13. Ne1 d5 14. Nc2 Ne7 15. Ne3 c6 16. Nc3 Nf6 17. cxd5 cxd5 18. Ba3 Be6 19. Rc1 g5 20. Bh3 g4 21. Bg2 Rf7 22. f3 gxf3 23. exf3 Nc6 24. Ne2 exf3 25. Bxf3 Ne4 26. Bb2 Qb6 27. Kg2 Rd8 28. Nf4 Ne7 29. Qd3 Qd6 30. Ba3 Qxa3 31. Nxe6 Rd7 32. Nxg7 Kxg7 33. Qb5 Nc6 34. Bxe4 fxe4 35. Qe2 Nxd4 36. Qg4+ Kh7 37. Nxd5 Qb2+ 38. Kh3 Nf3 39. Qxe4+ Kg7 40. Rxf3 Qxc1 41. Qe5+ Kg6 42. Nf6 Qd2 43.
Qf5+ Kg7 44. Qh7+ Kf8 45. Qg8+ Ke7 46. Qe8+ Kd6 47. Ne4+ Kd5 1-0